Map: King Sejong Station LE

Players

Major (SpeCial) - Winner!

  • Race: Terran Terran

viOLet

  • Race: Zerg Zerg

Event: 2016 WCS Summer Circuit Championship (DH Montreal)

VOD

https://www.youtube.com/watch?v=7RIdnNfkQVk

Description

Time

  • Played on: Aug. 13, 2016, 12:11 p.m.
  • Length: 12:47

All games in this series

Show
View Real Time Build Order
Export as new Build Order

Major Terran - Winner!

Build Orders: Liberator Opening, Reaper Expand 

Get SALT Encoding   

  12  0:00  SCV  
  13  0:12  SCV  
  14  0:17  Supply Depot  
  14  0:24  SCV  
  15  0:30  Refinery  
  15  0:38  SCV  
  16  0:44  Barracks  
  16  0:50  SCV  
  17  1:02  SCV  
  18  1:14  SCV  
  19  1:31  Reaper, Orbital Command  
  20  1:43  Command Center  
  20  1:54  Factory  
  20  1:59  SCV  
  21  2:07  Supply Depot  
  21  2:08  Barracks Reactor  
  21  2:12  SCV  
  22  2:24  SCV  
  23  2:36  SCV  
  24  2:38  Refinery  
  24  2:44  Starport  
  24  2:45  Marine x2  
  24  2:47  Hellion  
  24  2:48  SCV  
  29  2:55  Orbital Command  
  29  3:01  SCV  
  30  3:13  SCV  
  30  3:15  Hellion x2, Marine  
  36  3:21  SCV  
  36  3:22  Medivac  
  39  3:28  Supply Depot  
  39  3:30  SCV  
  39  3:33  Marine, SCV  
  42  3:40  Liberator  
  42  3:42  Hellion, SCV  
  42  3:45  SCV  
  46  3:50  Hellion, Supply Depot  
  46  3:54  Supply Depot  
  48  3:59  SCV  
  48  4:01  SCV  
  53  4:06  Barracks Tech Lab  
  53  4:11  SCV  
  53  4:12  Hellion x2  
  53  4:15  Supply Depot  
  58  4:19  SCV  
  58  4:23  SCV  
  59  4:36  SCV x2  
  59  4:38  Command Center  
  51  4:48  Supply Depot, SCV x2  
  51  4:50  Marine x2  
  51  4:52  Siege Tank  
  58  4:55  Medivac  
  60  5:00  SCV  
  60  5:01  SCV  
  62  5:08  Marine x2  
  62  5:13  SCV x2  
  66  5:21  Supply Depot, Engineering Bay x2  
  66  5:22  Refinery x2  
  66  5:26  Marine x2, Siege Tank  
  71  5:31  Medivac  
  71  5:32  SCV x2  
  75  5:44  Marine x2, SCV x2  
  75  5:48  Barracks  
  79  5:50  Barracks  
  79  5:52  Orbital Command  
  79  5:56  SCV x2  
  81  5:58  Terran Infantry Armor Level 1, Terran Infantry Weapons Level 1  
  81  6:03  Siege Tank  
  84  6:07  Marine x2  
  84  6:10  SCV x2  
  88  6:18  SCV  
  89  6:22  Starport Reactor, SCV x2  
  89  6:24  Marine x2  
  93  6:30  Barracks x2, SCV  
  94  6:38  SCV x2  
  92  6:41  Barracks Tech Lab x2  
  92  6:42  Marine x2, Siege Tank  
  97  6:48  SCV  
  97  6:50  SCV x2  
  94  6:55  Liberator x2  
  94  6:59  Supply Depot  
  94  7:00  Marine x4, SCV  
  97  7:02  SCV  
  97  7:05  Stimpack  
  98  7:10  SCV  
  98  7:12  SCV  
  98  7:14  Siege Tank  
  109  7:18  Supply Depot, Combat Shields  
  109  7:20  Marine  
  109  7:21  Marine x3  
  110  7:26  Barracks Reactor x2  
  106  7:30  Missile Turret  
  106  7:38  Marine  
  106  7:39  Marine x3, SCV x2  
  93  7:52  SCV x2  
  93  7:53  SCV  
  93  7:54  Siege Tank  
  93  7:56  Marine x4  
  97  7:59  Armory  
  97  8:02  Medivac  
  97  8:04  SCV x2  
  102  8:05  SCV  
  102  8:06  Medivac  
  104  8:14  Marine x5  
  104  8:15  Marine x2  
  104  8:16  Marine, SCV x2  
  104  8:17  Missile Turret, SCV  
  115  8:24  Refinery  
  115  8:28  Siege Tank, SCV x2  
  115  8:29  SCV  
  115  8:31  Marine  
  115  8:32  Marine x3  
  125  8:37  Supply Depot  
  125  8:38  Supply Depot  
  125  8:48  Supply Depot  
  125  8:57  Marine  
  125  8:58  Medivac  
  125  8:59  Marauder, SCV x3, Marine x6, Medivac  
  138  9:09  Barracks  
  138  9:10  Barracks  
  138  9:11  SCV x2  
  138  9:12  Supply Depot  
  138  9:13  Supply Depot  
  138  9:16  Marine x3, Marauder  
  145  9:18  Marine x3  
  145  9:20  Marine  
  144  9:28  Medivac  
  148  9:32  Terran Infantry Weapons Level 2, Terran Infantry Armor Level 2  
  148  9:33  Terran Vehicle Weapons Level 1  
  148  9:34  Marine x3  
  148  9:36  Marine x3  
  148  9:37  Marine  
  148  9:38  Marine  
  151  9:44  Siege Tank  
  144  9:48  Medivac  
  144  9:50  Missile Turret  
  144  9:52  Marine x3  
  147  9:53  Marine  
  147  9:54  Marine x3  
  147  9:56  Barracks Tech Lab, Marine  
  147  9:57  Marine  
  147  10:10  Marine x3  
  147  10:11  Marine  
  147  10:12  Marine  
  147  10:13  Marauder  
  154  10:14  Marine, Marauder  
  154  10:15  Command Center  
  154  10:17  Sensor Tower  
  154  10:19  Supply Depot  
  154  10:20  Barracks Tech Lab  
  154  10:21  Liberator x2  
  155  10:29  Marine, Marauder  
  155  10:31  Marine x2  
  155  10:34  Marine  
  153  10:36  Marine x3  
  153  10:42  Marine x2  
  162  10:47  Marine  
  162  10:48  Marine  
  162  10:49  Marine  
  163  10:51  Siege Tank, Marauder  
  163  10:52  Marine  
  163  10:54  Marine x2  
  169  10:57  Supply Depot, Marine  
  169  10:58  Supply Depot  
  169  11:00  Marine x2  
  169  11:02  Supply Depot  
  172  11:04  Marine  
  172  11:06  Marine  
  172  11:07  Marine  
  172  11:10  Marine  
  173  11:17  Marine  
  173  11:18  Marine x5  
  173  11:22  Marine  
  173  11:24  Marine  
  173  11:25  Marine  
  177  11:28  Marine  
  179  11:34  Siege Tank  
  179  11:35  Marine  
  179  11:36  Liberator, Marine x3, Marauder  
  179  11:37  Liberator  
  185  11:40  Marine x2  
  185  11:45  Marine x2  
  170  11:47  Marine  
  170  11:53  Marine x2  
  170  11:54  Marine x2  
  177  11:57  Marine x2  
  177  11:58  Marine  
  179  12:02  Marine  
  179  12:03  Marine  
  179  12:05  Planetary Fortress, Marine  
  173  12:11  Marine x2  
  173  12:12  Marine  
  173  12:14  Marine  
  173  12:15  Marine x2  
  165  12:16  Marine  
  165  12:21  Marine  
  165  12:22  Marine  
  162  12:23  Marine  
  162  12:28  Marine  
Show
View Real Time Build Order
Export as new Build Order

viOLet Zerg 

Build Orders: Hatch First 

Get SALT Encoding   

  12  0:00  Drone  
  13  0:12  Overlord  
  13  0:16  Drone  
  14  0:30  Drone x2  
  14  0:34  Drone  
  17  0:52  Hatchery  
  17  0:54  Drone  
  17  0:58  Drone  
  18  1:09  Extractor  
  17  1:12  Spawning Pool  
  17  1:15  Drone  
  17  1:18  Drone  
  18  1:28  Drone  
  19  1:41  Overlord  
  19  1:59  Queen  
  19  2:00  Zergling x4  
  23  2:03  Queen  
  23  2:04  Zergling x2  
  23  2:08  Metabolic Boost  
  26  2:10  Drone  
  27  2:17  Drone  
  28  2:23  Drone  
  29  2:30  Overlord  
  29  2:33  Drone  
  29  2:36  Queen  
  32  2:41  Queen  
  33  2:45  Overlord  
  33  2:53  Drone x2  
  35  3:03  Drone x2  
  37  3:06  Drone  
  37  3:07  Drone x2  
  37  3:08  Drone x2  
  42  3:13  Drone  
  42  3:14  Drone x2  
  42  3:18  Drone  
  46  3:33  Drone x2, Hatchery  
  47  3:38  Drone  
  48  3:42  Overlord  
  48  3:46  Drone x2  
  50  3:49  Extractor, Drone x2  
  50  3:53  Roach Warren  
  50  3:56  Drone  
  50  3:58  Lair  
  50  4:00  Overlord  
  51  4:05  Spore Crawler  
  51  4:07  Drone, Spore Crawler  
  50  4:11  Evolution Chamber  
  50  4:12  Overlord  
  49  4:17  Drone x2  
  49  4:19  Drone  
  49  4:24  Zergling x4  
  54  4:30  Drone x2  
  56  4:34  Zergling x6  
  55  4:45  Zerg Ground Armor Level 1  
  47  4:48  Drone  
  47  4:49  Drone x2  
  50  4:56  Drone x5  
  55  5:14  Overlord, Roach x3  
  58  5:19  Roach x4  
  68  5:25  Roach  
  68  5:26  Extractor, Roach  
  71  5:33  Roach  
  70  5:40  Roach x2  
  72  5:44  Drone x4  
  76  5:52  Drone x3  
  79  5:57  Glial Reconstitution  
  79  5:59  Drone x3  
  79  6:02  Overlord  
  82  6:14  Overlord  
  80  6:21  Roach  
  80  6:22  Roach x4  
  89  6:32  Overlord  
  85  6:46  Drone x11  
  93  6:49  Ravager x2  
  93  7:01  Zergling x18  
  93  7:09  Zergling x2  
  93  7:10  Zergling x8  
  98  7:28  Drone  
  98  7:29  Drone x7  
  106  7:31  Zerg Melee Weapons Level 1  
  106  7:38  Overlord x2  
  105  7:46  Drone  
  105  7:48  Hatchery, Drone x3  
  105  7:49  Drone  
  97  7:53  Roach x3  
  97  7:55  Drone x2  
  97  7:56  Extractor  
  99  7:58  Extractor x2  
  99  8:04  Drone x5  
  98  8:21  Roach  
  98  8:22  Roach x4  
  98  8:24  Overlord x2  
  98  8:25  Zergling x6  
  98  8:26  Zergling x4  
  113  8:33  Overlord  
  112  8:37  Overlord x2  
  112  8:40  Drone x2  
  114  8:42  Evolution Chamber  
  114  8:44  Ravager  
  114  8:45  Ravager x3  
  113  9:07  Zergling x28  
  113  9:08  Zergling x2  
  128  9:23  Zergling x10  
  128  9:29  Roach  
  128  9:30  Roach x2  
  134  9:32  Infestation Pit  
  133  9:40  Zergling x14  
  137  9:50  Zergling x6  
  140  9:57  Zergling x12  
  146  10:09  Pathogen Glands  
  146  10:12  Queen  
  148  10:18  Zergling x2  
  148  10:19  Zergling x18  
  158  10:24  Ravager x3  
  158  10:25  Ravager  
  156  10:35  Queen  
  145  10:42  Drone x9  
  154  10:43  Drone  
  154  10:48  Infestor x2  
  157  11:02  Hive  
  157  11:03  Extractor  
  155  11:08  Overlord x3  
  155  11:09  Queen, Overlord x4  
  155  11:24  Infestor  
  153  11:29  Zergling x6  
  153  11:30  Zergling x24  
  155  11:46  Zergling x16  
  129  11:53  Zergling x2  
  99  11:57  Zergling x4  
  99  11:58  Zergling x6  
  86  12:10  Zergling x6  
  74  12:16  Zergling x4  
  74  12:21  Roach  
  76  12:27  Roach  
Tags
 
Add a new tag
Caveats
  • Supply blocks, unpowered buildings, or Contaminate may cause inaccurate times.
  • Supply counts are checked every 10 seconds.